[Event "121st Swiss Championship 2022"]
[Site "Samnaun-Compatsch"]
[Date "2022.07.04"]
[Round "1.11"]
[White "Pogan, Nikolas"]
[Black "Grillon, Cedric"]
[Result "1/2-1/2"]
[ECO "A40"]
[WhiteElo "2226"]
[BlackElo "1977"]
[Annotator "RC"]
[PlyCount "177"]
[EventDate "2022.06.28"]
[EventType "swiss"]
[EventCountry "SUI"]
[SourceTitle "playchess.com"]
[Source "ChessBase"]
[SourceQuality "1"]
[TimeControl "40/5400+30:1800+30"]

1. d4 b5 2. c3 Bb7 3. Qb3 a6 4. a4 c6 5. Nf3 e6 6. g3 b4 7. a5 c5 8. dxc5 Bxc5 9. cxb4 Be7 10. Bg2 Nc6 11. Bd2 Rb8 12. O-O Nxb4 13. Bxb4 Bxb4 14. Qxb4 Bxf3 15. Qc4 Bxg2 16. Kxg2 Rxb2 17. Qxa6 Ne7 18. Nc3 O-O 19. Na4 Rb4 20. Nb6 Nc6 21. Rfb1 Qc7 22. Rxb4 Nxb4 23. Qb5 Nc6 24. Rc1 Rb8 25. Qc5 Qb7 26. Kg1 g6 27. Nxd7 Qxd7 28. Qxc6 Qxc6 29. Rxc6 Rb3 30. f3 Ra3 31. Ra6 Kg7 32. Kf2 Kf6 33. Ra7 g5 34. a6 h6 35. Ke1 Ra2 36. Kd1 Kg6 37. Ra8 Kf5 38. a7 Ke5 39. Kc1 Kf6 40. Kb1 Ra6 41. Kb2 Kg7 42. Kb3 Ra1 43. Kb4 Rb1+ 44. Kc5 Rc1+ 45. Kd6 Ra1 46. Ke5 Ra5+ 47. Ke4 Ra4+ 48. Ke3 Ra3+ 49. Kf2 Ra2 50. h3 Ra3 51. e3 Ra2+ 52. Ke1 Ra3 53. Kd2 Ra2+ 54. Kd3 Ra4 55. f4 gxf4 56. exf4 Ra3+ 57. Kd4 Ra4+ 58. Kc5 Ra1 59. g4 Rc1+ 60. Kd6 Rd1+ 61. Ke7 Ra1 62. h4 Ra5 63. Kd6 Ra6+ 64. Kc7 Ra1 65. h5 f6 66. Kb6 Rb1+ 67. Kc5 Ra1 68. Kd4 Ra4+ 69. Ke3 Ra3+ 70. Ke4 Ra4+ 71. Kf3 Ra3+ 72. Kg2 Ra2+ 73. Kg3 Ra3+ 74. Kh4 Ra4 75. Re8 Rxa7 76. Rxe6 Kf7 77. Re4 Ra1 78. Rb4 Ra7 79. Kg3 Ra3+ 80. Kf2 Rc3 81. Rb7+ Kg8 82. Re7 Ra3 83. Re3 Ra2+ 84. Kf3 Ra4 85. Re7 Rb4 86. f5 Ra4 87. Rc7 Rb4 88. Rc6 Kf7 89. Rc7+ 1/2-1/2

[Event "121st Swiss Championship 2022"]
[Site "Samnaun-Compatsch"]
[Date "2022.07.05"]
[Round "2.1"]
[White "Bischofberger, Dario"]
[Black "Pavlovic, Milos"]
[Result "1/2-1/2"]
[ECO "E11"]
[WhiteElo "2180"]
[BlackElo "2461"]
[Annotator "TA"]
[PlyCount "191"]
[EventDate "2022.06.28"]
[EventType "swiss"]
[EventCountry "SUI"]
[SourceTitle "playchess.com"]
[Source "ChessBase"]
[SourceQuality "1"]
[TimeControl "40/5400+30:1800+30"]

1. d4 Nf6 2. c4 e6 3. g3 Bb4+ 4. Bd2 Be7 5. Bg2 d5 6. Nf3 O-O 7. O-O c6 8. Qc2 Nbd7 9. Rd1 Ne4 10. Nc3 {[%emt 0:03:19][%cal Bb1c3,Bc3e2,Be2f4][%mdl 32] E11: Bogo-Indian.} f5 {[%emt 0:00:52] 10...Nxd2 is the hot move.} 11. e3 Qe8 12. Ne2 g5 13. Be1 Bd6 {[%emt 0:26:46] [#]} 14. Nd2 $146 ({Predecessor:} 14. b4 Qh5 15. a4 Ndf6 16. b5 Bd7 17. Rab1 Rac8 18. bxc6 Bxc6 19. Bb4 dxc4 20. Ne5 Bxe5 21. dxe5 {0-1 (26) Ivanchuk,V (2726)-Andreikin,D (2712) Huaian 2017}) 14... Nef6 15. f4 $1 Ng4 16. Nf1 gxf4 17. Nxf4 Kh8 18. a3 Ndf6 (18... Rg8 $11) 19. b3 (19. Bb4 $1 $14 Qe7 20. Bxd6 Qxd6 21. Re1) 19... a5 20. Ra2 (20. b4 $11) 20... b6 $15 21. Qe2 (21. h3 $15 Nh6 22. Rc1) 21... Ba6 22. Nd2 (22. a4 $15) 22... Rg8 (22... e5 $142 23. dxe5 Qxe5) 23. a4 Ne4 (23... Ra7 $17) 24. Nxe4 $11 fxe4 25. Bh3 h5 26. Kh1 Ra7 27. Rc2 b5 28. axb5 cxb5 29. c5 (29. Bxa5 bxc4 30. bxc4 Bxf4 31. gxf4 Bxc4 32. Rxc4 dxc4 $17) 29... Bxf4 30. Bxg4 {[%emt 0:00:35] [#]} (30. exf4 b4 31. Qd2 e3 $15) (30. gxf4 $11 {was the only way to keep the balance.} b4 31. Qd2) 30... b4 $1 $17 31. Qf2 Bg5 32. Bh3 (32. Be2 $17) 32... Rf7 33. Qg1 Rgf8 34. Bf2 Bd3 35. Rcd2 (35. Rb2 $142) 35... Rf6 $2 (35... e5 $19 {has better winning chances.} 36. Ra1 exd4 37. Rxa5 Qc6) 36. Rb2 $2 (36. Ra1 $17 {was worth a try.}) 36... R8f7 ({Black should try} 36... e5 $19 {aiming for ...exd4.} 37. dxe5 Qxe5) 37. Qe1 Qb5 ({Black should play} 37... e5 $17 {Strongly threatening ...exd4.} 38. Bg2 Kg7) 38. Rdd2 Kh7 39. Kg1 (39. Ra2 $11) 39... Rg7 (39... Qe8 $17 {Threatens to win with ...e5.} 40. Qd1 Kh6) 40. Bg2 Rgf7 (40... a4 $15) 41. Ra2 Ra7 42. g4 Bh6 (42... hxg4 43. Bh4 Bxh4 44. Qxh4+ Rh6 45. Qd8 $11) 43. Bh4 Rg6 44. gxh5 Rg4 45. Bg3 Qe8 $1 46. Rf2 Qxh5 47. c6 Rxg3 48. hxg3 e5 $2 {[%emt 0:00:01] [#]} (48... Kg6 $11) 49. dxe5 (49. Bf1 $142 $1) 49... Qxe5 $16 50. Rf4 (50. Kh2 $1 $14 Rg7 51. Rf8) 50... Qc3 $2 {[%emt 0:00:53] [#]} (50... Bxf4 $11 {and Black has nothing to worry.} 51. gxf4 Qh5) 51. Qf2 $1 $18 ({Worse is} 51. Qxc3 bxc3 52. Bh3 (52. Rh4 $2 c2 $19) 52... Bxf4 53. gxf4 (53. Bf5+ Kg7 $19) 53... Bb1 $17) 51... Bxf4 52. Qxf4 Qxc6 $2 (52... Qc1+ 53. Kh2 Qxc6) 53. Rf2 {[%emt 0:01:12] Dancing on a razor blade.} Qh6 {[%emt 0:00:27] [#] Inhibits Bh3. White must now prevent ...Qxf4.} 54. Bxe4+ $1 Bxe4 (54... dxe4 $2 55. Rh2 Qxh2+ 56. Kxh2 $18) 55. Rh2 {[%emt 0:00:04] Against Qh1+} Qxh2+ 56. Kxh2 {[%emt 0:00:01][%mdl 4096] Endgame KQ-KRB} Rb7 57. Qf6 {[%emt 0:01:12] Hoping for Qa6.} Rc7 58. Qb6 $2 (58. Qh4+ $18 Kg6 59. Qg4+ Kh7 60. Qh5+ Kg8 61. Qe8+ Kh7 62. g4) 58... Rc3 $1 $14 59. Qxa5 Rxb3 60. g4 (60. Qa7+ $14 Kg6 61. Kh3) 60... Kg6 ({Better is} 60... Rb1 $1 $11) 61. Qb6+ $1 Kg5 62. Kg3 $1 Rb1 $1 63. Qd8+ Kg6 64. Kf4 {[%emt 0:00:45] Qg8+ is the strong threat.} Rf1+ 65. Ke5 b3 66. Qb6+ (66. Qe8+ $14 Kh6 67. Qb5) 66... Kg5 $11 67. Qxb3 Kxg4 68. Qb5 Re1 69. Qd7+ Kf3 70. Qh3+ Ke2 71. Kd4 Rd1+ 72. Ke5 Kd3 73. Qg3 Rf1 74. Qh4 Rf5+ 75. Kd6 Rf3 76. Qe1 Rxe3 77. Qd1+ Kc4 78. Qa4+ Kc3 79. Qa3+ Kd2 80. Qb2+ Ke1 81. Qc1+ Kf2 82. Qd2+ Kf3 83. Kc5 Rd3 84. Qe1 {[%emt 0:00:34][%mdl 1024] White has compensation.} Kf4 85. Qf2+ Kg4 86. Qf6 Rd1 87. Kb4 Rd3 88. Qf8 Rf3 89. Qd6 Rf2 90. Qd7+ Kf4 91. Kc3 Rc2+ {[%emt 0:00:08] The position is equal.} 92. Kb3 Ke3 93. Qh3+ Kd4 94. Qh8+ Kd3 95. Qh3+ Kd4 96. Qh8+ {[%emt 0:00:07] White used his chance.  Weighted Error Value: White=0.35/Black=0.40} 1/2-1/2

[Event "121st Swiss Championship 2022"]
[Site "Samnaun-Compatsch"]
[Date "2022.07.05"]
[Round "2.2"]
[White "Baenziger, Fabian"]
[Black "Ferster, Fabian"]
[Result "1-0"]
[ECO "D85"]
[WhiteElo "2451"]
[BlackElo "2173"]
[Annotator "TA"]
[PlyCount "67"]
[EventDate "2022.06.28"]
[EventType "swiss"]
[EventCountry "SUI"]
[SourceTitle "playchess.com"]
[Source "ChessBase"]
[SourceQuality "1"]
[TimeControl "40/5400+30:1800+30"]

1. d4 Nf6 2. c4 g6 3. Nc3 d5 4. Nf3 Bg7 5. h3 O-O 6. cxd5 Nxd5 7. e4 Nxc3 8. bxc3 c5 9. Be2 Nc6 10. Be3 cxd4 {[%emt 0:00:39] D85: Exchange Grünfeld: Unusual White 7th moves and lines with 7 Nf3.} 11. cxd4 f5 12. Bc4+ Kh8 {[%emt 0:01:12] The position is equal.} 13. O-O f4 14. Bd2 {[%emt 0:00:23] aiming for Bc3.} Nxd4 15. Bc3 Be6 16. Bxe6 Nxe6 17. Qb3 Qb6 $1 18. Bxg7+ Nxg7 {[%emt 0:10:19] [#]} 19. Qxb6 $146 ({Predecessor:} 19. Qa3 Qe6 20. Rac1 Rfc8 21. Rxc8+ Rxc8 22. Qxa7 Qa6 23. Qd4 Qxa2 24. Qd7 Qe6 25. Qxb7 {1-0 (69) Girya,O (2479)-Bodnaruk,A (2423) Germany 2019}) 19... axb6 20. Rab1 Rf6 21. Rfd1 h6 22. h4 Re6 23. Rb4 Kh7 24. e5 {[%emt 0:08:57][%mdl 1024] White has compensation.} Nh5 25. a4 Rc8 (25... Kg7 $11 {remains equal.}) 26. Rb5 {[%emt 0:05:16] White is more active.} (26. Rd7 $16) 26... Rec6 $11 27. Rd7 $36 {[%emt 0:01:39][%csl LRb7,LRe7][%mdl 2048] White has some pressure.} Rc1+ 28. Kh2 Rf1 $2 {[%emt 0:00:17][%mdl 8192] [#] Loses the game.} (28... R1c7 $11 {and Black stays safe.} 29. Rd4 Kg7) 29. Rxe7+ $18 Kg8 30. Rxb6 Rxf2 31. Rxg6+ Kf8 32. Rxb7 Rcc2 {[%emt 0:01:34] [#]} 33. e6 $1 Rce2 (33... Rxg2+ 34. Rxg2) 34. Rf7+ {[%emt 0:00:08] Weighted Error Value: White=0.08 (flawless) /Black=0.70} 1-0

[Event "121st Swiss Championship 2022"]
[Site "Samnaun-Compatsch"]
[Date "2022.07.05"]
[Round "2.3"]
[White "Salzgeber, Frank"]
[Black "Gallagher, Joseph G."]
[Result "1/2-1/2"]
[ECO "E69"]
[WhiteElo "2131"]
[BlackElo "2447"]
[Annotator "TA"]
[PlyCount "84"]
[EventDate "2022.06.28"]
[EventType "swiss"]
[EventCountry "SUI"]
[SourceTitle "playchess.com"]
[Source "ChessBase"]
[SourceQuality "1"]
[TimeControl "40/5400+30:1800+30"]

1. d4 d6 2. Nf3 Nf6 3. c4 g6 4. Nc3 Bg7 5. g3 O-O 6. Bg2 Nbd7 7. O-O e5 8. e4 c6 9. h3 Qa5 10. Re1 exd4 11. Nxd4 Ne5 12. Bf1 Re8 13. Be3 Be6 14. Nxe6 Rxe6 15. Kg2 Rae8 {[%emt 0:01:35] E69: King's Indian: Fianchetto: 6...Nbd7 7 0-0 e5 8 e4 c6 9 h3.} 16. Rb1 Ned7 17. f3 h5 {[%emt 0:03:21][%cal Oh5h4] [#] White is slightly better.} 18. h4 $146 ({Predecessor:} 18. b4 Qc7 19. Qd2 Nh7 20. Ne2 g5 21. Rbd1 g4 22. Nf4 gxf3+ 23. Kxf3 Re5 24. Bd4 Rxe4 25. Bxg7 Rxe1 26. Rxe1 Rxe1 27. Qxe1 Kxg7 28. Nxh5+ {½-½ (57) Pommrich,R (2265)-Hansen,L (2176) ICCF email 2014}) 18... a6 19. b4 Qd8 20. Qd2 Qe7 21. Bf2 Nh7 22. Ne2 Ne5 (22... g5 $14) 23. Nd4 $16 Rf6 24. c5 Rd8 25. Qc3 (25. Rbd1 $16) 25... Nf8 26. Rbd1 a5 27. a3 $1 axb4 28. axb4 Ra8 29. cxd6 Rxd6 30. f4 $1 Ng4 {[%emt 0:00:09] ...Ra2 is the strong threat.} 31. e5 Rdd8 32. Bc4 Nxf2 33. Kxf2 Kh8 34. Nf3 {[%emt 0:00:42] Hoping for Ng5. White is much more active.} Ne6 35. Ng5 Nxg5 36. hxg5 Bf8 {[%emt 0:01:04] [#]} (36... Kg8 $14) 37. e6+ (37. Rd6 $142 $1) 37... Bg7 $2 {[%emt 0:00:08] [#]} (37... Kh7 $16 {was necessary.}) 38. exf7 $1 $18 Qxf7 39. Bxf7 Bxc3 40. Rxd8+ ({Stronger than} 40. Bxg6 Bxe1+ 41. Rxe1 Rd2+ 42. Kf3 Ra3+ 43. Ke4 (43. Re3 Rxe3+ 44. Kxe3 Rh2 $17) 43... Kg7 44. Bxh5 Rxg3 $15) 40... Rxd8 {[%emt 0:00:05] [#]} 41. Re8+ ({Inferior is} 41. Bxg6 Bxe1+ 42. Kxe1 Rd4 43. Bxh5 Rxb4 $17) ({Better is} 41. Re6 $1 $18) 41... Rxe8 $11 42. Bb3 $2 (42. Bxe8 $11 Kg7 43. b5) 42... Bg7 {[%emt 0:00:16][%mdl 32768] Weighted Error Value: White=0.42/Black=0.24 (precise) . An unexpected result.} 1/2-1/2

[Event "121st Swiss Championship 2022"]
[Site "Samnaun-Compatsch"]
[Date "2022.07.05"]
[Round "2.4"]
[White "Gschnitzer, Adrian"]
[Black "Collin, Moritz Valentin"]
[Result "1-0"]
[ECO "B12"]
[WhiteElo "2433"]
[BlackElo "2129"]
[Annotator "TA"]
[PlyCount "57"]
[EventDate "2022.06.28"]
[EventType "swiss"]
[EventCountry "SUI"]
[SourceTitle "playchess.com"]
[Source "ChessBase"]
[SourceQuality "1"]
[TimeControl "40/5400+30:1800+30"]

1. e4 c6 2. d4 d5 3. e5 Bf5 4. Nf3 e6 5. Be2 Ne7 6. O-O Ng6 {[%emt 0:00:05] 6...h6 is a critical line. B12: Caro-Kann: Advance Variation.} 7. a4 c5 {[%emt 0:00:37] [#]} 8. a5 $146 ({Predecessor:} 8. Be3 Bg4 9. c3 cxd4 10. cxd4 Nc6 11. Qb3 a6 12. Rc1 Qc7 13. Nbd2 Nge7 14. Qc3 {1-0 (48) Omidi,A (2315)-Ashraf,A (2260) Sari 2022}) 8... a6 {[%emt 0:06:32] The position is equal.} 9. Be3 Nc6 10. dxc5 Ngxe5 11. Nxe5 Nxe5 12. g4 Bg6 13. f4 $1 Nc6 {[%emt 0:11:17] Loses the game.} (13... d4 $14) 14. f5 $18 d4 15. fxg6 hxg6 16. Bf4 Bxc5 {[%emt 0:04:28] [#] Hoping for ...g5.} 17. Bd3 $1 e5 (17... Nxa5 $142 18. Qf3 O-O) 18. Bg3 O-O 19. Nd2 Bb4 20. Nc4 Qe7 21. Qf3 Rae8 22. Qe4 Qc5 (22... Qe6 {is a better defense.} 23. Rf2 f5 24. gxf5 gxf5 25. Rxf5 Rxf5) 23. h4 Re6 (23... f5 $142 24. gxf5 gxf5 25. Rxf5 Rxf5 26. Qxf5 e4 27. Bxe4 Rxe4 28. Qxe4 Qxc4) 24. h5 {[%emt 0:01:32] White is clearly winning.} Bxa5 25. Nxa5 Nxa5 26. b4 Qxb4 27. Be1 {[%emt 0:00:27][%mdl 64] [#] Skewer} Qe7 28. Bxa5 Qg5 29. Rf2 {[%emt 0:03:01] Weighted Error Value: White=0.02 (flawless) /Black=0.49} 1-0

[Event "121st Swiss Championship 2022"]
[Site "Samnaun-Compatsch"]
[Date "2022.07.05"]
[Round "2.5"]
[White "Jaggy, Matteo"]
[Black "Gaehwiler, Gabriel"]
[Result "0-1"]
[ECO "A50"]
[WhiteElo "2093"]
[BlackElo "2420"]
[Annotator "TA"]
[PlyCount "60"]
[EventDate "2022.06.28"]
[EventType "swiss"]
[EventCountry "SUI"]
[SourceTitle "playchess.com"]
[Source "ChessBase"]
[SourceQuality "1"]
[TimeControl "40/5400+30:1800+30"]

1. d4 Nf6 2. c4 b6 3. Nc3 Bb7 4. Nf3 g6 5. g3 Bg7 6. Bg2 O-O 7. O-O Ne4 8. Qd3 {[%emt 0:13:05] A50: Queen's Fianchetto Defence (1 d4 Nf6 2 c4 b6).} Nxc3 9. bxc3 Nc6 {[%emt 0:02:50] [#]} 10. h4 $146 {[%emt 0:08:09][%cal Oh4h5] The position is equal.} ({Predecessor:} 10. e4 Na5 11. Be3 d6 12. Nd2 c5 13. d5 Qd7 14. a4 Rae8 15. f4 e6 16. dxe6 Qxe6 {1-0 (25) Keymer,V (2558)-Bortnyk,O (2598) Chess.com INT 2020}) 10... Na5 11. Bf4 ({Better is} 11. Nd2 $11) 11... Ba6 12. Nd2 c6 13. e4 {[%emt 0:12:29] [#]} Nxc4 $1 14. Rfe1 ({But not} 14. Nxc4 d5 15. Qe3 (15. exd5 cxd5 16. Rfe1 Bxc4 $17) 15... Bxc4 $17) 14... d5 15. Nxc4 Bxc4 16. Qe3 dxe4 17. Qxe4 e6 18. Qxc6 Rc8 19. Qa4 Bd5 {[%emt 0:00:52] Hoping for ...Bxg2.} 20. Bxd5 (20. Bg5 $11 f6 21. Bd2) 20... Qxd5 $15 21. Qxa7 Rxc3 22. Rad1 Qc6 (22... b5 $17 {White should prevent ...Ra8.} 23. Qb6 Ra8) 23. d5 $11 exd5 24. Re7 d4 25. Rb1 b5 26. Rb7 (26. Qb7 $11) 26... d3 $15 {[%emt 0:00:49] Threatens to win with ...Rc2.} 27. R7xb5 Rc2 {[%emt 0:00:51] And now ...d2 would win.} 28. Qa5 {[%emt 0:00:42][%mdl 8192] [#] Inhibits d2.} (28. Qb7 $15) 28... Bd4 (28... Rxf2 $142 $3 29. Kxf2 Bd4+ 30. Be3 Qc2+ 31. Kg1 Bxe3+ 32. Kh1 d2) 29. Rf1 Qf3 30. Qe1 Re2 {[%emt 0:00:02] Weighted Error Value: White=0.65/Black=0.52} 0-1

[Event "121st Swiss Championship 2022"]
[Site "Samnaun-Compatsch"]
[Date "2022.07.05"]
[Round "2.6"]
[White "Fecker, Noah"]
[Black "Buehler, Michael"]
[Result "1/2-1/2"]
[ECO "C95"]
[WhiteElo "2387"]
[BlackElo "2064"]
[Annotator "TA"]
[PlyCount "90"]
[EventDate "2022.06.28"]
[EventType "swiss"]
[EventCountry "SUI"]
[SourceTitle "playchess.com"]
[Source "ChessBase"]
[SourceQuality "1"]
[TimeControl "40/5400+30:1800+30"]

1. e4 e5 2. Nf3 Nc6 3. Bb5 a6 4. Ba4 Nf6 5. O-O Be7 6. Re1 b5 7. Bb3 d6 8. c3 O-O 9. h3 Nb8 10. d4 Nbd7 11. Nbd2 Bb7 12. Bc2 Re8 13. Nf1 Bf8 14. Ng3 g6 15. Bd2 Bg7 16. Qc1 {[%emt 0:00:10] C95: Closed Ruy Lopez: Breyer Variation with 10 d4.} d5 17. Bg5 Qc8 18. dxe5 Nxe4 19. Bf4 Nxg3 20. Bxg3 c5 {[%emt 0:02:54] [#]} 21. Qf4 $146 ({Predecessor:} 21. Qd2 Re7 22. Bb3 Qc6 23. Rad1 Nb6 24. Nh4 Rae8 25. f4 f6 26. Nf3 fxe5 27. Nxe5 {½-½ (52) Giuliani,C (2282)-Bujdak,P (2203) LSS email 2020}) 21... Nf8 22. Ng5 Qd7 23. Rad1 Qe7 24. Bh4 (24. Qe3 $11) 24... h6 $17 25. Ne4 g5 26. Bxg5 hxg5 27. Nxg5 Bh6 $2 (27... Qc7 $1 $19 {White must now prevent ...Ne6.} 28. Qf5 Rxe5 29. Rxe5 Bxe5 30. Nxf7 Qxf7 31. Qxe5 Re8 32. Qg3+ Qg7) 28. Re3 $2 Ng6 $1 $19 ({Inferior is} 28... Bxg5 29. Rg3 Ne6 30. Qh4 $11) 29. Bxg6 fxg6 30. Rg3 Kg7 31. h4 Rf8 32. Qe3 Rf5 33. f4 (33. Qxc5 $17 Bxg5 34. Qb6) 33... Bxg5 34. hxg5 Rh8 35. Rh3 Rff8 36. Rxh8 Rxh8 37. e6 {[%emt 0:00:04] [#]} Rf8 $2 (37... Qd6 $1 $19 {...Re8 is the strong threat.} 38. Re1 d4 39. Qe5+ Qxe5 40. Rxe5 Kf8 41. Rxc5 Rh4) 38. g4 $2 {[%emt 0:01:26] [#]} (38. Re1 $15) 38... Kg8 (38... Qd6 $1 $19 {and Black stays clearly on top.} 39. e7 Re8) 39. Qe5 (39. Rd2 $17 d4 40. cxd4 cxd4 41. Rxd4) 39... d4 $2 (39... Re8 $19 40. Re1 Bc8 41. Qxd5 Bxe6) 40. cxd4 $11 {[%emt 0:00:54] Threatens to win with d5. The position is equal.} cxd4 41. Rxd4 {[%emt 0:32:35] Strongly threatening Rd7.} Qh7 42. Rd7 {[%emt 0:00:00] Active counter play!} Qh1+ 43. Kf2 Qg2+ 44. Ke3 {[%emt 0:00:00][%csl Gd7][%cal Re5g7] The board is on fire.} Qf3+ 45. Kd2 Qf2+ {[%emt 0:03:36] White happily takes the draw.  Weighted Error Value: White=0.47/Black=0.32} 1/2-1/2

[Event "121st Swiss Championship 2022"]
[Site "Samnaun-Compatsch"]
[Date "2022.07.05"]
[Round "2.7"]
[White "Udipi, Kala Kishan"]
[Black "Hakimifard, Ghazal"]
[Result "1/2-1/2"]
[ECO "E15"]
[WhiteElo "2057"]
[BlackElo "2296"]
[Annotator "TA"]
[PlyCount "57"]
[EventDate "2022.06.28"]
[EventType "swiss"]
[EventCountry "SUI"]
[SourceTitle "playchess.com"]
[Source "ChessBase"]
[SourceQuality "1"]
[TimeControl "40/5400+30:1800+30"]

1. d4 Nf6 2. c4 e6 3. Nf3 b6 4. g3 Ba6 5. b3 Bb4+ 6. Bd2 Be7 7. Bg2 c6 8. Bc3 d5 9. Nbd2 Nbd7 10. O-O O-O 11. Re1 c5 12. e4 dxe4 13. Nxe4 Nxe4 14. Rxe4 Bb7 15. Re1 {[%emt 0:01:06] [#] E15: Queen's Indian: 4 g3 sidelines, 4 g3 Ba6 and 4 g3 Bb7 early deviations.} cxd4 $146 ({Predecessor:} 15... Bf6 16. Ne5 Bxg2 17. Kxg2 cxd4 18. Nc6 Qc7 19. Nxd4 a6 20. Qf3 Rac8 21. Rad1 Rfd8 22. Ne2 Bxc3 23. Nxc3 Nf6 24. Ne4 Nxe4 {½-½ (24) Andreikin,D (2737)-Zhigalko,S (2671) Tallinn 2016}) 16. Nxd4 Bxg2 17. Kxg2 Qc7 {[%emt 0:10:43] Against Nc6} 18. Qf3 Bf6 19. Nb5 Qc5 20. Rad1 Bxc3 21. Nxc3 Nf6 22. Rd3 a6 23. Ne4 Nxe4 24. Qxe4 Rad8 25. Red1 Rxd3 26. Qxd3 Qc6+ 27. Qf3 Qc7 28. Qd3 Qc6+ 29. Qf3 {[%emt 0:05:32] Weighted Error Value: White=0.10 (very precise) /Black=0.06 (flawless)} (29. Kg1 $14) 1/2-1/2

[Event "121st Swiss Championship 2022"]
[Site "Samnaun-Compatsch"]
[Date "2022.07.05"]
[Round "2.8"]
[White "Georgescu, Lena"]
[Black "Perreard, Nicolas"]
[Result "1-0"]
[ECO "C43"]
[WhiteElo "2279"]
[BlackElo "2055"]
[Annotator "TA"]
[PlyCount "53"]
[EventDate "2022.06.28"]
[EventType "swiss"]
[EventCountry "SUI"]
[SourceTitle "playchess.com"]
[Source "ChessBase"]
[SourceQuality "1"]
[TimeControl "40/5400+30:1800+30"]

1. e4 e5 2. Nf3 Nf6 3. d4 Nxe4 4. Bd3 d5 5. Nxe5 Nd7 6. Nxd7 Bxd7 7. O-O Be7 8. c4 O-O {[%emt 0:01:26] C43: Petroff Defence: 3 d4.} 9. cxd5 Nf6 10. Nc3 {[%emt 0:00:37] [#]} Bd6 $146 {[%emt 0:00:54] Prevents Bf4. White is slightly better.} ({Predecessor:} 10... a6 11. Bf4 b5 12. a3 Bc8 13. Bc2 Bg4 14. Qd3 Bh5 15. Qh3 Bg6 16. Bxg6 hxg6 {1-0 (33) Hoellrigl,W (2208)-Lair,G (2005) Austria 2000}) 11. Bg5 h6 12. Bh4 a6 13. Bc2 Re8 14. h3 b5 15. a3 a5 16. Qd3 g5 17. Bg3 {[%emt 0:00:47] Black must now prevent f4.} b4 18. Ne2 {[%emt 0:09:37] aiming for f4.} Rb8 {[%emt 0:02:48] And now ...Bb5 would win.} 19. a4 {[%emt 0:05:43] Inhibits Bb5.} Rb6 ({Black should try} 19... b3 $14 20. Bd1 Qe7) 20. Rfe1 $16 Bc8 {[%emt 0:02:01] [#]} 21. Bxd6 $1 Rxd6 22. Ng3 Rxd5 $2 {[%emt 0:12:12] Black cannot hold the game after this.} (22... Re7 $16 {was called for.} 23. Rac1 Qe8 24. Rxe7 Qxe7) 23. Bb3 $18 Rxe1+ 24. Rxe1 Rxd4 $2 {[%emt 0:00:20] [#]} (24... Be6 $18) 25. Qg6+ $1 {[%emt 0:00:26] White mates.} Kh8 26. Qxh6+ Kg8 27. Qxg5+ {[%emt 0:02:23] Weighted Error Value: White=0.04 (flawless) /Black=0.58} 1-0

[Event "121st Swiss Championship 2022"]
[Site "Samnaun-Compatsch"]
[Date "2022.07.05"]
[Round "2.9"]
[White "Rohrer, Christophe"]
[Black "Labelle, Ambroise"]
[Result "1-0"]
[ECO "C07"]
[WhiteElo "2246"]
[BlackElo "2045"]
[Annotator "TA"]
[PlyCount "91"]
[EventDate "2022.06.28"]
[EventType "swiss"]
[EventCountry "SUI"]
[SourceTitle "playchess.com"]
[Source "ChessBase"]
[SourceQuality "1"]
[TimeControl "40/5400+30:1800+30"]

1. e4 e6 2. d4 d5 3. Nd2 c5 4. exd5 Qxd5 5. Ngf3 cxd4 6. Bc4 Qd7 {[%emt 0:00:09] C07: French Tarrasch: 3...c5, 4 Ngf3 and 4 exd5 Qxd5.} 7. O-O Nf6 8. Nb3 Nc6 {[%emt 0:00:24] White has an edge.} 9. Nbxd4 Nxd4 10. Nxd4 a6 {[%emt 0:00:10] Against Bb5} 11. a4 Bd6 12. h3 (12. Re1 {keeps more tension.} Qc7 13. Nf5 Bxh2+ 14. Kh1) 12... O-O 13. c3 Qc7 14. Bd3 b6 15. Re1 Bb7 16. Bg5 {[%emt 0:01:16] [#] Black must now prevent Bxf6.} Bh2+ $146 ({Predecessor:} 16... Nd5 17. Qg4 Rfe8 18. Rad1 Nf4 19. Bxf4 Bxf4 20. Qh4 g6 21. Be4 Bxe4 22. Rxe4 Bh2+ 23. Kh1 Be5 24. Nf3 Bg7 25. Rc4 Qa7 26. Rc6 h6 {½-½ (26) Klebel,M (2360)-Levitt,J (2480) Augsburg 1989}) 17. Kh1 {[%emt 0:02:37] And now Bxf6 would win.} Bf4 $2 (17... Nd5 $11) 18. Bxf6 $18 gxf6 19. Qg4+ (19. Qh5 f5 $11) 19... Kh8 {[%emt 0:00:16] Threatens to win with ...Rg8.} 20. Qh4 $1 f5 21. Qf6+ Kg8 {[%emt 0:00:44] [#]} 22. Bxf5 $1 {[%emt 0:03:14][%cal Od4e6] Hoping for Nxe6!} Qd8 $2 {[%emt 0:07:55] [#]} (22... exf5 23. Nxf5 Bxg2+ 24. Kg1 Bh2+ 25. Kxg2) (22... h6 {is more resistant.} 23. Be4 Bg5) 23. Qxd8 $2 (23. Bxh7+ $1 $18 {[%mdl 512] is the precise move to win.} Kxh7 24. Qxf4) 23... Raxd8 $16 24. Be4 Bc8 25. g3 Bc7 26. Kg2 {[%emt 0:06:23] 0x0.000bd12bbbf5dp-1022s more active pieces.} e5 27. Nc6 Rd2 28. b4 Kg7 29. Red1 Rxd1 30. Rxd1 f5 {[%emt 0:00:48] Prevents g4.} 31. Bd5 Kf6 32. c4 Bd7 33. Rc1 Bxc6 34. Bxc6 $14 {[%emt 0:00:06][%mdl 4096] Endgame KRB-KRB} Rd8 35. Bd5 (35. Bb7 $16) 35... Bd6 36. c5 Rc8 $2 (36... bxc5 $1 $14 37. bxc5 Rc8) 37. Bb7 $18 Rc7 38. c6 ({Resist} 38. Bxa6 $6 bxc5 39. b5 Ra7 $18) (38. Rd1 $18 {has better winning chances.} Bxc5 39. bxc5 Rxb7 40. Rd6+ Ke7 41. Rh6) 38... a5 39. bxa5 bxa5 40. Kf3 Re7 41. Bc8 e4+ (41... Rf7 $142 42. g4 fxg4+ 43. hxg4 (43. Bxg4 Ke7+ 44. Ke3 Bc7 $16) 43... Ke7+ 44. Bf5 Kd8) 42. Ke3 Re5 (42... Ke5 $142 43. Bd7 Bc7) 43. c7 Re7 $2 {[%emt 0:00:00] [#]} (43... Rc5 44. Rxc5 Bxc5+ 45. Ke2 Bd6 46. Bxf5 Bxc7) 44. Bd7 $1 {[%emt 0:00:00][%mdl 512] White is clearly winning.} Bxc7 45. Rxc7 Ke5 46. Rb7 {[%emt 0:00:00] Weighted Error Value: White=0.36/Black=0.46} 1-0